 Dungeon Crawl Stone Soup version 0.20.0-15-g7f486f2 (webtiles) character file.

179 zigma the Insei (level 5, 0/45 HPs)
             Began as a Draconian Monk on June 12, 2017.
             Slain by an ogre
             ... wielding a +0 giant club
              (26 damage)
             ... on level 3 of the Dungeon.
             The game lasted 00:05:48 (4337 turns).

zigma the Insei (Draconian Monk)                    Turns: 4337, Time: 00:05:49

Health: 0/45       AC:  6    Str: 13    XL:     5   Next: 32%
Magic:  5/5        EV: 14    Int: 11    God:
Gold:   165        SH:  0    Dex: 14    Spells: 2/4 levels left

rFire    . . .     SeeInvis .     - Unarmed
rCold    . . .     Gourm    .   (no shield)
rNeg     . . .     Faith    .   (armour unavailable)
rPois    .         Spirit   .   (helmet restricted)
rElec    .         Reflect  .   (no cloak)
rCorr    .         Harm     .   q - +0 pair of gloves
MR       .....                  (no boots)
Stlth    ++........             (no amulet)
Regen    0.2/turn               (no ring)
MPRegen  0.1/turn               (no ring)

@: no status effects
A: unfitting armour, cold-blooded, AC +5
a: no special abilities


You were on level 3 of the Dungeon.
You were hungry.

You visited 1 branch of the dungeon, and saw 4 of its levels.

You collected 165 gold pieces.

Inventory:

Armour
 q - a +0 pair of gloves (worn)
Wands
 n - a wand of digging (10/24)
Scrolls
 e - 2 scrolls of remove curse
 h - a scroll of enchant armour {unknown}
 i - a scroll of random uselessness {unknown}
 j - a scroll of fear {unknown}
 l - a scroll of recharging {unknown}
 m - a scroll of amnesia {unknown}
 s - a scroll of teleportation {unknown}
 t - a scroll of fog {unknown}
Potions
 b - 2 potions of haste
 c - 3 potions of flight
 d - a potion of curing
 k - a potion of cancellation {unknown}
 p - a potion of agility {unknown}
 r - a potion of heal wounds {unknown}
Comestibles
 a - 5 bread rations
 f - 2 meat rations


   Skills:
 - Level 3.2 Fighting
 + Level 3.8 Dodging
 - Level 1.7 Stealth
 * Level 5.2 Unarmed Combat
 + Level 0.4 Translocations


You had 2 spell levels left.
You knew the following spells:

 Your Spells              Type           Power        Failure   Level  Hunger
q - Blink                 Tloc           N/A          43%         2    ###....


Dungeon Overview and Level Annotations

Branches:
Dungeon (4/15)
 Temple: D:4-7

Altars:

Annotations:
D:4 AltWight's ghost, novice FoFi


Innate Abilities, Weirdness & Mutations

Your plain brown scales are hard. (AC +5)
You cannot fit into any form of body armour.
You are cold-blooded and may be slowed by cold attacks.


Message History

HP restored.
There is a stone staircase leading down here.
You climb downwards.
Level annotation: AltWight's ghost, novice FoFi An ogre comes into view.
It is wielding a giant club.
The ogre shouts!
There is a stone staircase leading up, spattered with blood here.
An ogre is nearby!
You climb upwards.
There is a stone staircase leading down here.
You hit the ogre.
You tail-slap the ogre, but do no damage.
The ogre is lightly wounded.
The ogre hits you with a giant club!!
* * * LOW HITPOINT WARNING * * *
You punch the ogre! You tail-slap the ogre.
The ogre is moderately wounded.
The ogre hits you with a giant club!!
Ouch! That really hurt!
You die...

########
######......###############
................@O........#
######......############.##
#...................# #.#
#.####......#######.# #.#
#.##.###.#### #.####.#
#....# #.# #......# ####.#
#.# ######## .....# #.#
.....###.#################


You could see an ogre.

Vanquished Creatures
  A hound (D:4)
  Ijyb (D:3)
  4 adders
  An ooze (D:1)
  A worm (D:2)
  3 leopard geckos
  4 orcs (D:3)
  3 giant cockroaches
  9 goblins
  12 hobgoblins
  5 jackals
  A quokka (D:2)
  A ball python (D:3)
  7 bats
  4 frilled lizards
  7 kobolds
  8 rats
72 creatures vanquished.

Notes
Turn   | Place    | Note
-------+----------+-------------------------------------------
     0 | D:1      | zigma the Draconian Monk began the quest for the Orb.
     0 | D:1      | Reached XP level 1. HP: 19/19 MP: 1/1
    80 | D:1      | Reached XP level 2. HP: 25/26 MP: 2/2
  1203 | D:2      | Reached XP level 3. HP: 24/31 MP: 3/3
  1357 | D:2      | Reached skill level 4 in Unarmed Combat
  2001 | D:2      | Reached XP level 4. HP: 37/38 MP: 4/4
  2532 | D:3      | Noticed Ijyb
  2544 | D:3      | Killed Ijyb
  2718 | D:3      | Found a faded altar of an unknown god.
  2890 | D:3      | Reached skill level 5 in Unarmed Combat
  2895 | D:3      | Reached XP level 5. HP: 43/45 MP: 5/5
  3282 | D:3      | Learned a level 2 spell: Blink
  3306 | D:4      | Noticed AltWight's ghost (novice FoFi)
  4330 | D:4      | Noticed an ogre
  4337 | D:3      | Slain by an ogre

Skill      XL: |  1  2  3  4 |
---------------+-------------+-----
Dodging        | 3 |  3.8
Unarmed Combat | 4 5 |  5.2
Fighting       | |  3.2
Stealth        | |  1.7
Translocations | |  0.4

Action                   |  1- 3 |  4- 6 || total
-------------------------+-------+-------++-------
Melee: Unarmed           |   174 |    89 ||   263
       Tailslap          |    18 |     9 ||    27
       Punch             |     2 |       ||     2
  Use: Potion            |       |     4 ||     4
       Scroll            |       |     2 ||     2
 Stab: Sleeping          |     1 |     2 ||     3
       Distracted        |     1 |       ||     1
  Eat: Chunk             |     4 |     6 ||    10
Armor: Skin              |    46 |    25 ||    71
Dodge: Dodged            |   122 |    54 ||   176
